 Dungeon Crawl Stone Soup version 0.29.1-1-gd02db6906a (webtiles) character file.

Game seed: 12583877493267737198

751 Demigod47 the Cudgeller (level 7, -5/49 (61) HPs)
             Began as a Minotaur Fighter on Oct 13, 2022.
             Slain by a wight
             ... wielding a +0 trident
              (8 damage)
             ... on level 5 of the Dungeon.
             The game lasted 00:05:35 (4341 turns).

Demigod47 the Cudgeller (Minotaur Fighter)          Turns: 4341, Time: 00:05:36

HP:   -5/49 (61)    AC: 14    Str: 22    XL:     7   Next: 49%
MP:   6/6           EV:  6    Int:  5    God:
Gold: 292           SH:  0    Dex: 10    Spells: 6/6 levels left

rFire   . . .      SeeInvis +   j - +1 mace (protect)
rCold   . . .      Faith    .   c - +0 buckler
rNeg    . . .      Spirit   .   r - +0 plate armour
rPois   .          Reflect  .   (helmet restricted)
rElec   .          Harm     .   (no cloak)
rCorr   .          Rampage  .   q - +0 pair of gloves
Will    .....                   v - +0 pair of boots
Stlth   ..........              (no amulet)
HPRegen 0.16/turn               o - ring of see invisible
MPRegen 0.10/turn               (no ring)

@: confused, heavily drained
A: horns 2, retaliatory headbutt
a: no special abilities


You were on level 5 of the Dungeon.
You visited 1 branch of the dungeon, and saw 5 of its levels.
You also visited: Sewer.

You collected 292 gold pieces.

Inventory:

Hand Weapons
 a - a +0 flail
 j - a +1 mace of protection (weapon)
Armour
 b - a +0 scale mail
 c - a +0 buckler (worn)
 q - a +0 pair of gloves (worn)
 r - a +0 plate armour (worn)
 v - a +0 pair of boots (worn)
Jewellery
 o - a ring of see invisible (left hand)
 u - a +4 ring of slaying
Wands
 d - a wand of flame (17)
 t - a wand of digging (1)
Scrolls
 e - 2 scrolls of teleportation {unknown}
 f - 2 scrolls of immolation
 h - 2 scrolls of vulnerability
 i - a scroll of blinking
 k - a scroll of amnesia {unknown}
 l - a scroll of enchant weapon {unknown}
 s - 2 scrolls of noise {unknown}
 w - a scroll of magic mapping {unknown}
Potions
 g - 3 potions of curing
 m - 4 potions of might
 n - 2 potions of brilliance
 p - a potion of heal wounds


   Skills:
 + Level 5.2 Fighting
 * Level 7.7 Maces & Flails
 + Level 5.2 Armour
 + Level 1.7 Dodging
 + Level 0.3 Stealth
 + Level 4.9 Shields


You had 6 spell levels left.
You didn't know any spells.
Your spell library contained the following spells:

 Spells                   Type           Power      Damage    Failure   Level
 Magic Dart               Conj           0%         1d3       100%        1
 Shock                    Conj/Air       0%         1d3       100%        1
 Summon Small Mammal      Summ           0%         N/A       100%        1
 Searing Ray              Conj           0%         2d4       100%        2
 Call Canine Familiar     Summ           0%         N/A       100%        3
 Portal Projectile        Hex/Tloc       0%         N/A       100%        3
 Summon Guardian Golem    Hex/Summ       0%         N/A       100%        3
 Swiftness                Air            0%         N/A       100%        3
 Airstrike                Air            0%         2d(0-16)  100%        4
 Fulminant Prism          Conj/Hex       0%         3d6       100%        4
 Leda's Liquefaction      Hex/Erth       0%         N/A       100%        4
 Iskenderun's Battlesphe  Conj           0%         2d6       100%        5
 Iron Shot                Conj/Erth      0%         9d1       100%        6
 Orb of Destruction       Conj           0%         9d5       100%        7
 Spellforged Servitor     Conj/Summ      0%         N/A       100%        7


Dungeon Overview and Level Annotations

Branches:
Dungeon (5/15)              Sewer (visited)
 Temple: D:4-7

Altars:
Kikubaaqudgha
Qazlal
Vehumet

Annotations:
D:5 1 runed translucent door, Pikel


Innate Abilities, Weirdness & Mutations

You have a pair of horns on your head.
You reflexively headbutt those who attack you in melee.


Message History

You feel drained. The wight barely misses you.
You closely miss the wight. You headbutt the wight.
The wight is moderately damaged.
The howler monkey hits you but does no damage.
The wight hits you with a +3 battleaxe.
The wight zaps a wand.
Your will is overpowered!
You are more confused.
The wight barely misses you. The wight hits you with a +0 trident.
You feel drained.
You're too confused to move!
The howler monkey hits you but does no damage.
The wight hits you with a +0 trident. The wight hits you with a +0 war axe.
You feel drained. The wight closely misses you. x2
You barely miss the wight.
The wight is moderately damaged.
The howler monkey hoots and howls with incredible vigour!
The wight barely misses you. x2; The wight closely misses you.
The wight hits you with a +0 spear.
You feel drained.
You hear a roar!
You hear an angry hiss. x2
You bump into the rock wall.
The howler monkey hits you but does no damage.
The wight hits you but does no damage. The wight barely misses you.
The wight hits you with a +0 war axe. The wight hits you with a +0 spear.
The howler monkey completely misses you.
You barely miss the wight.
The wight is moderately damaged.
The wight barely misses you. The wight hits you with a +0 spear.
You feel drained. The wight hits you but does no damage.
The howler monkey hits you but does no damage.
The wight hits you with a +3 battleaxe!
* * * LOW HITPOINT WARNING * * *
You feel drained.
* * * LOW HITPOINT WARNING * * *
You are too confused!
Unknown command.
You're too confused to move!
The howler monkey barely misses you. The wight hits you with a +3 battleaxe.
* * * LOW HITPOINT WARNING * * *
You feel drained. The wight hits you but does no damage.
The wight hits you with a +0 trident!
You die...

#. ###+ #.## ....
".## .... #
#..####... .#.
#.......#
....###......#
...........# ###
#>zzh)...# ##<.
#.#@z....#
####... #z.....#
##....##
#......####....##
#......).....###
####..####.###
#..## ...#
...###.#### #..#
# #...


You could see a howler monkey and 4 wights.

Vanquished Creatures
  Sigmund (D:2)
  A steam dragon (D:4)
  A water moccasin (Sewer)
  2 ogres
  An iguana (D:4)
  Natasha (twice) (D:1)
  Ijyb (D:4)
  2 adders
  A shadow imp (D:4)
  An ufetubus (D:4)
  A worm (D:2)
  A dart slug (D:1)
  An orc (D:4)
  5 bats
  2 endoplasms
  A giant cockroach (D:1)
  9 goblins
  9 hobgoblins
  4 jackals
  2 quokkas (D:1)
  11 ball pythons
  A frilled lizard (D:2)
  4 kobolds
  5 rats
69 creatures vanquished.

Notes
Turn   | Place    | Note
-------+----------+-------------------------------------------
     0 | D:1      | Demigod47 the Minotaur Fighter began the quest for the Orb.
     0 | D:1      | Reached XP level 1. HP: 19/19 MP: 0/0
   290 | D:1      | Found a faded altar of an unknown god.
   410 | D:1      | Reached XP level 2. HP: 23/27 MP: 1/1
   652 | D:1      | Reached skill level 3 in Maces & Flails
   872 | D:2      | Noticed Natasha
   887 | D:1      | Noticed a crimson imp
   888 | D:1      | Killed Natasha
   889 | D:1      | Reached XP level 3. HP: 15/33 MP: 2/2
  1247 | D:2      | Noticed Sigmund
  1269 | D:1      | Noticed Natasha
  1276 | D:1      | Killed Natasha
  1277 | D:1      | Reached XP level 4. HP: 20/41 MP: 3/3
  1450 | D:2      | Killed Sigmund
  1451 | D:2      | Reached skill level 5 in Maces & Flails
  1451 | D:2      | Reached XP level 5. HP: 24/47 MP: 4/4
  2010 | D:3      | Found a stormy altar of Qazlal.
  2127 | D:3      | Found a faded altar of an unknown god.
  2131 | D:3      | Found an ancient bone altar of Kikubaaqudgha.
  2355 | D:3      | Found a glowing drain.
  2513 | Sewer    | Entered a sewer
  2561 | Sewer    | Noticed a water moccasin
  2572 | Sewer    | Killed a water moccasin
  2573 | Sewer    | Reached skill level 6 in Maces & Flails
  2573 | Sewer    | Reached XP level 6. HP: 51/53 MP: 5/5
  2970 | D:4      | Reached skill level 1 in Dodging
  3138 | D:4      | Found a radiant altar of Vehumet.
  3154 | D:4      | Reached skill level 5 in Fighting
  3383 | D:4      | Reached skill level 5 in Armour
  3497 | D:4      | Noticed Ijyb
  3504 | D:4      | Killed Ijyb
  3505 | D:4      | Reached XP level 7. HP: 60/61 MP: 6/6
  3826 | D:5      | Entered Level 5 of the Dungeon
  3826 | D:5      | Noticed Pikel
  3826 | D:5      | Noticed a steam dragon
  3836 | D:4      | Killed a steam dragon
  3837 | D:4      | Reached skill level 7 in Maces & Flails
  4021 | D:5      | HP: 2/61 [ogre/+0 giant club (9)]
  4325 | D:5      | Identified the ring of Ashenzari, Winnowing {MP+9 Int+7}
  4326 | D:5      | Found a runed translucent gate.
  4341 | D:5      | Slain by a wight

Illustrated notes

Levels and vault maps discovered:
D:1:      nagdon_arrival_zigzag_paths, layout_loops_ring,
          hellmonk_ecumenical_altar_pennies_from_heaven
D:2:      layout_rooms, grunt_ministairs_1, uniq_natasha, uniq_sigmund
D:3:      minmay_general_purpose_star, layout_basic, amcnicky_altar_gilded,
          nicolae_overflow_ecumenical_swirl, portal_sewer_entry_d
D:4:      layout_gridville, kennysheep_mini, uniq_ijyb
D:5:      layout_rooms, nzn_wu_jian_contemplation,
          minmay_temple_entry_large_hall, gammafunk_ghost_split,
          nicolae_shop_clearance, uniq_pikel, uniq_grinder

Skill      XL: |  1  2  3  4  5  6  7 |
---------------+----------------------+-----
Fighting       | 4 5 |  5.2
Maces & Flails | 3 5 6 7 |  7.7
Shields        | 4 |  4.9
Armour         | 4 5 |  5.2
Dodging        | 1 |  1.7
Stealth        | |  0.3

Action                   |  1- 3 |  4- 6 |  7- 9 || total
-------------------------+-------+-------+-------++-------
Melee: Flail             |    53 |    10 |       ||    63
       Headbutt          |     4 |     9 |     4 ||    17
       Mace              |       |    76 |    22 ||    98
  Use: Potion            |       |     7 |       ||     7
       Scroll            |       |     3 |       ||     3
Armor: Scale mail        |    24 |    18 |       ||    42
       Plate armour      |       |    28 |    26 ||    54
Dodge: Dodged            |    26 |    29 |    25 ||    80
Block: Buckler           |    13 |    21 |     3 ||    37
